 Dungeon Crawl Stone Soup version 0.28.0-43-g3370ac3207 (webtiles) character file.

Game seed: 3424158046256135262

55 jimonade the Protected (level 3, 0/28 HPs)
             Began as a Gnoll Wanderer on Mar 14, 2022.
             Slain by an iguana (6 damage)
             ... on level 4 of the Dungeon.
             The game lasted 00:05:41 (2922 turns).

jimonade the Protected (Gnoll Wanderer)             Turns: 2922, Time: 00:05:42

Health: 0/28       AC: 22    Str: 16    XL:     3   Next: 93%
Magic:  9/9        EV:  3    Int:  9    God:
Gold:   97         SH: 11    Dex: 10    Spells: 11/12 levels left

rFire   . . .      SeeInvis .   w - +2 dagger (protect)
rCold   . . .      Faith    .   l - +0 kite shield
rNeg    . . .      Spirit   .   f - +0 plate armour
rPois   .          Reflect  +   (no helmet)
rElec   .          Harm     .   (no cloak)
rCorr   .          Rampage  .   h - +0 pair of gloves
Will    .....                   (no boots)
Stlth   ..........              m - amulet of reflection
HPRegen 0.09/turn               (no ring)
MPRegen 0.11/turn               (no ring)

@: under a protective aura
A: fangs 1, strong nose, distributed training
a: no special abilities


You were on level 4 of the Dungeon.
You visited 1 branch of the dungeon, and saw 4 of its levels.

You collected 97 gold pieces.

Inventory:

Hand Weapons
 a - a +0 dagger
 n - a +0 dagger
 w - a +2 dagger of protection (weapon)
Missiles
 b - 9 boomerangs (quivered)
 d - 93 stones
 p - 67 bolts
 u - 23 arrows
Armour
 c - a +0 chain mail
 e - a +0 robe
 f - a +0 plate armour (worn)
 h - a +0 pair of gloves (worn)
 l - a +0 kite shield (worn)
 v - a +0 robe
Jewellery
 k - a +4 ring of protection
 m - an amulet of reflection (around neck)
Scrolls
 r - a scroll of identify
 s - 2 scrolls of enchant armour {unknown}
 t - a scroll of torment {unknown}
Potions
 g - 2 potions of resistance
 i - a potion of heal wounds {unknown}
 j - 3 potions of degeneration {unknown}
 o - a potion of might {unknown}
 q - 2 potions of flight {unknown}


   Skills:
 + Level 2.6 Fighting
 + Level 1.0 Short Blades
 + Level 1.0 Long Blades
 + Level 1.0 Axes
 + Level 1.0 Maces & Flails
 + Level 1.0 Polearms
 + Level 1.0 Staves
 + Level 1.0 Slings
 + Level 1.0 Bows
 + Level 1.0 Crossbows
 + Level 2.6 Throwing
 + Level 8.5 Armour
 + Level 1.0 Dodging
 + Level 2.4 Stealth
 + Level 1.0 Shields
 + Level 1.0 Unarmed Combat
 + Level 5.0 Spellcasting
 + Level 0.7 Conjurations
 + Level 0.7 Hexes
 + Level 0.7 Summonings
 + Level 0.7 Necromancy
 + Level 0.7 Translocations
 + Level 0.7 Transmutations
 + Level 0.7 Fire Magic
 + Level 0.7 Ice Magic
 + Level 0.7 Air Magic
 + Level 2.1 Earth Magic
 + Level 0.7 Poison Magic
 + Level 1.0 Invocations
 + Level 1.0 Evocations


You had 11 spell levels left.
You knew the following spells:

 Your Spells              Type           Power      Damage    Failure   Level
a - Sandblast             Erth           12%        2d6       100%        1

Your spell library contained the following spells:

 Spells                   Type           Power      Damage    Failure   Level
 Stone Arrow              Conj/Erth      8%         3d7       100%        3


Dungeon Overview and Level Annotations

Branches:
Dungeon (4/15)
 Temple: D:4-7

Altars:


Innate Abilities, Weirdness & Mutations

You have very sharp teeth.
Your uncanny sense of smell can sniff out nearby items.
Your experience applies equally to all skills.


Message History

You block the iguana's attack.
The iguana bites you but does no damage.
You hit the iguana.
The iguana is moderately wounded.
You block the iguana's attack.
You hit the iguana but do no damage.
The iguana is moderately wounded.
The iguana bites you but does no damage.
You hit the iguana but do no damage. You bite the iguana, but do no damage.
The iguana is moderately wounded.
The iguana bites you but does no damage.
You hit the iguana. You bite the iguana, but do no damage.
The iguana is severely wounded.
The iguana bites you but does no damage.
You hit the iguana but do no damage.
The iguana is severely wounded.
The iguana bites you but does no damage.
You hit the iguana.
The iguana is severely wounded.
You block the iguana's attack.
You hit the iguana but do no damage.
The iguana is severely wounded.
The iguana bites you.
You hit the iguana. You bite the iguana, but do no damage.
The iguana is almost dead.
You block the iguana's attack. x2
You barely miss the iguana. You bite the iguana, but do no damage.
The iguana is almost dead.
The iguana bites you!
* * * LOW HITPOINT WARNING * * *
You hit the iguana but do no damage.
The iguana is almost dead.
You block the iguana's attack.
You barely miss the iguana.
The iguana is almost dead.
You block the iguana's attack.
You hit the iguana but do no damage.
The iguana is almost dead.
The iguana bites you.
You die...

..##.# .......... ........
...... # ....## .#
...##.#######.#
.#########l# #..<......#
.........@.#######.#.#####
...........†....##........
##########.####.####.#####
#.# #........... ..#
############ ####


You could see an iguana.

Vanquished Creatures
  An adder (D:3)
  An adder zombie (D:3)
  A dart slug (D:4)
  7 ball pythons
  2 endoplasms (D:1)
  4 giant cockroaches
  A goblin (D:1)
  6 hobgoblins
  2 kobolds
  A quokka (D:1)
  3 bats
  6 frilled lizards
  5 rats
40 creatures vanquished.

Notes
Turn   | Place    | Note
-------+----------+-------------------------------------------
     0 | D:1      | jimonade the Gnoll Wanderer began the quest for the Orb.
     0 | D:1      | jimonade set off with the following items: a +0 dagger, 9
                  | boomerangs, a +0 chain mail, 32 stones; and the following
                  | spell memorised: Sandblast; and the following spells
                  | available to memorise: Stone Arrow
     0 | D:1      | Reached XP level 1. HP: 17/17 MP: 6/6
   209 | D:1      | Reached XP level 2. HP: 23/23 MP: 7/7
   238 | D:1      | Found a faded altar of an unknown god.
  1057 | D:2      | Reached XP level 3. HP: 27/28 MP: 9/9
  1157 | D:2      | Reached skill level 5 in Spellcasting
  2075 | D:3      | Reached skill level 1 in Invocations
  2227 | D:3      | Reached skill level 1 in Short Blades
  2227 | D:3      | Reached skill level 1 in Long Blades
  2227 | D:3      | Reached skill level 1 in Axes
  2227 | D:3      | Reached skill level 1 in Maces & Flails
  2227 | D:3      | Reached skill level 1 in Polearms
  2227 | D:3      | Reached skill level 1 in Staves
  2227 | D:3      | Reached skill level 1 in Slings
  2227 | D:3      | Reached skill level 1 in Bows
  2227 | D:3      | Reached skill level 1 in Crossbows
  2227 | D:3      | Reached skill level 1 in Dodging
  2227 | D:3      | Reached skill level 1 in Shields
  2227 | D:3      | Reached skill level 1 in Unarmed Combat
  2227 | D:3      | Reached skill level 1 in Evocations
  2922 | D:4      | Slain by an iguana

Illustrated notes

Levels and vault maps discovered:
D:1:      wander_arrival_chamber, layout_loops_ring,
          shapermc_ecumenical_altar_petra
D:2:      layout_loops_ring, minmay_misc_feat_roman
D:3:      layout_loops_corners, minmay_fractal_squares_5
D:4:      layout_loops_ring, mainiacjoe_overflow_two_lobes,
          minmay_temple_entry_mini_moons, uniq_grinder

Skill      XL: |  1  2  3 |
---------------+----------+-----
Earth Magic    | 2 |  2.1
Spellcasting   | 5 |  5.0
Invocations    | 1 |  1.0
Short Blades   | 1 |  1.0
Long Blades    | 1 |  1.0
Axes           | 1 |  1.0
Maces & Flails | 1 |  1.0
Polearms       | 1 |  1.0
Staves         | 1 |  1.0
Slings         | 1 |  1.0
Bows           | 1 |  1.0
Crossbows      | 1 |  1.0
Dodging        | 1 |  1.0
Shields        | 1 |  1.0
Unarmed Combat | 1 |  1.0
Evocations     | 1 |  1.0
Fighting       | |  2.6
Throwing       | |  2.6
Armour         | |  8.5
Stealth        | |  2.4
Conjurations   | |  0.7
Hexes          | |  0.7
Summonings     | |  0.7
Necromancy     | |  0.7
Translocations | |  0.7
Transmutations | |  0.7
Fire Magic     | |  0.7
Ice Magic      | |  0.7
Air Magic      | |  0.7
Poison Magic   | |  0.7

Action                   || total
-------------------------++-------
Melee: Dagger            ||   244
       Bite              ||    20
       Punch             ||     1
Throw: Boomerang         ||    11
  Use: Scroll            ||     2
Armor: Chain mail        ||    58
       Plate armour      ||    90
Dodge: Dodged            ||    45
Block: Kite shield       ||    92
       Reflection        ||     2
